 Dungeon Crawl Stone Soup version 0.29.0-4-gdea44cf6ec (webtiles) character file.

Game seed: 877959467850463009

67 qw the Sneak (level 4, 0/36 HPs)
             Began as a Ghoul Enchanter on Sept 8, 2022.
             Slain by a gnoll
             ... wielding a +0 whip
             ... led by a gnoll bouda
              (3 damage)
             ... on level 2 of the Dungeon.
             The game lasted 00:00:51 (2944 turns).

qw the Sneak (Ghoul Enchanter)                      Turns: 2944, Time: 00:00:52

Health: 0/36       AC:  9    Str: 13    XL:     4   Next: 16%
Magic:  5/5        EV: 10    Int: 10    God:
Gold:   86         SH:  0    Dex:  9    Spells: 6/6 levels left

rFire   . . .      SeeInvis .   Y - +0 hand axe
rCold   + . .      Faith    .   (no shield)
rNeg    + + +      Spirit   .   f - +0 ring mail
rPois   inf        Reflect  .   (no helmet)
rElec   .          Harm     .   (no cloak)
rCorr   .          Rampage  .   (no gloves)
Will    .....                   (no boots)
Stlth   +.........              (no amulet)
HPRegen 0.00/turn               e - +4 ring of protection
MPRegen 0.09/turn               (no ring)

@: inhibited regen
A: claws 1, cold resistance 1, negative energy resistance 3, inhibited
regeneration, torment resistance 2, devour on kill
a: no special abilities


You were on level 2 of the Dungeon.
You visited 1 branch of the dungeon, and saw 2 of its levels.

You collected 86 gold pieces.


Innate Abilities, Weirdness & Mutations

You are immune to poison.
You have sharp fingernails.
Your flesh is cold resistant. (rC+)
You are immune to negative energy. (rN+++)
You do not regenerate when monsters are visible.
You are immune to unholy pain and torment.
You thrive by killing the living.


   Skills:
 - Level 2.2 Fighting
 - Level 0.8 Short Blades
 + Level 2.5 Axes
 - Level 1.7 Dodging
 - Level 3.2 Stealth
 - Level 1.7 Spellcasting
 - Level 2.4 Hexes


You had 6 spell levels left.
You didn't know any spells.
Your spell library contained the following spells:

 Spells                   Type           Power      Damage    Failure   Level
 Ensorcelled Hibernation  Hex/Ice        6%         N/A       54%         2
 Confusing Touch          Hex            5%         N/A       61%         3
 Tukima's Dance           Hex            5%         N/A       61%         3
 Dazzling Flash           Conj/Hex       6%         N/A       78%         3

Inventory:

Hand Weapons
 a - a +0 whip
 Y - a +0 hand axe (weapon)
Armour
 f - a +0 ring mail (worn)
Jewellery
 e - a +4 ring of protection (left claw)
Scrolls
 j - a scroll of identify
Potions
 d - 2 potions of might
 k - a potion of curing {unknown}

Dungeon Overview and Level Annotations

Branches:
Dungeon (2/15)

Altars:

Annotations:
D:2 1 runed translucent door, Crazy Yiuf


Message History

You hit the endoplasm.
The gnoll is no longer moving quickly.
The gnoll hits you from afar with a +0 spear.
The endoplasm hits you but does no damage.
You hit the endoplasm.
You kill the endoplasm!
You feel better.
You hit the gnoll.
Your attacks no longer feel as feeble.
The gnoll barely misses you. The gnoll hits you with a +0 whip.
You hit the gnoll but do no damage.
The gnoll is lightly wounded.
The gnoll is no longer moving quickly.
You hit the gnoll bouda. Your claw misses the gnoll bouda.
The gnoll bouda is lightly wounded.
The gnoll is no longer moving quickly.
You hit the gnoll bouda.
The gnoll bouda is lightly wounded.
The gnoll bouda hits you with a +0 club.
You barely miss the gnoll.
The gnoll is lightly wounded.
You hit the gnoll bouda. The gnoll hits you with a +0 whip.
The gnoll bouda barks out a call to the hunt!
The gnolls pick up the pace!
The gnoll barely misses you.
You hit the gnoll bouda but do no damage.
The gnoll bouda is moderately wounded.
You barely miss the gnoll.
The gnoll bouda hits you but does no damage.
The gnoll hits you but does no damage.
You completely miss the gnoll bouda.
The gnoll bouda is moderately wounded.
You hit the gnoll but do no damage. The gnoll bouda closely misses you.
The gnoll misses you. The gnoll bouda completely misses you.
You hit the gnoll bouda.
The gnoll bouda is moderately wounded.
You hit the gnoll but do no damage. The gnoll hits you with a +0 whip.
You die...

... .g#.. r.#.#
.g#.# # #.#.#.#
#.#.#.#####
#.#))......
##############.#@#
.............gggg#
#....#########.#.#
####.# #.#.#
####.## #.#.#
......# #.#.#
#####.# #.#.#
#.#### #.#.#
#....# #.#.#


You could see a gnoll bouda and 3 gnolls.

Vanquished Creatures
  3 gnolls
  A worm (D:2)
  A dart slug (D:1)
  4 ball pythons (D:2)
  An endoplasm (D:2)
  2 hobgoblins (D:1)
  3 jackals (D:1)
  4 kobolds
  4 quokkas
  3 bats
  2 frilled lizards (D:2)
  A goblin (D:1)
  2 rats (D:1)
31 creatures vanquished.

Vanquished Creatures (others)
  7 toadstools (D:1)
7 creatures vanquished.

Grand Total: 38 creatures vanquished

Notes
Turn   | Place    | Note
-------+----------+-------------------------------------------
     0 | D:1      | qw the Ghoul Enchanter began the quest for the Orb.
     0 | D:1      | Reached XP level 1. HP: 14/14 MP: 2/2
     0 | D:1      | 0 ||| qw: Version: 0.1-a-112-g44dc6cd
     0 | D:1      | 0 ||| qw: Game counter: 6718
     0 | D:1      | 0 ||| qw: Always use a shield: true
     0 | D:1      | 0 ||| qw: God list: Okawaru
     0 | D:1      | 0 ||| qw: Allow faded altars: false
     0 | D:1      | 0 ||| qw: Do Orc after D:15 true
     0 | D:1      | 0 ||| qw: Do second Lair branch before Depths: true
     0 | D:1      | 0 ||| qw: Lair rune preference: random
     0 | D:1      | 0 ||| qw: Plans: Normal
     0 | D:1      | 0 ||| PLANNING D:1-11
    87 | D:1      | 87 ||| SWAPPING to +0 short sword.
    88 | D:1      | 88 ||| DROPPING +1 dagger.
   111 | D:1      | HP: 3/14 [kobold/+0 whip (4)]
   350 | D:1      | 350 ||| SWAPPING to +0 whip.
   351 | D:1      | 351 ||| DROPPING +0 short sword.
   388 | D:1      | 388 ||| Stepping ~*~*~tactically~*~*~ (hiding).
   491 | D:1      | 491 ||| Stepping ~*~*~tactically~*~*~ (hiding).
   594 | D:1      | 594 ||| Stepping ~*~*~tactically~*~*~ (hiding).
   696 | D:1      | 696 ||| Stepping ~*~*~tactically~*~*~ (hiding).
   710 | D:1      | Reached skill level 1 in Axes
   823 | D:1      | 823 ||| SWAPPING to +0 hand axe.
   994 | D:1      | Reached XP level 2. HP: 22/22 MP: 3/3
  1047 | D:1      | Reached skill level 1 in Fighting
  1457 | D:1      | 1457 ||| Stepping ~*~*~tactically~*~*~ (stealth).
  1458 | D:1      | 1458 ||| Stepping ~*~*~tactically~*~*~ (stealth).
  1540 | D:1      | 1540 ||| Stepping ~*~*~tactically~*~*~ (stealth).
  1738 | D:1      | 1738 ||| Stepping ~*~*~tactically~*~*~ (stealth).
  1781 | D:1      | 1781 ||| Stepping ~*~*~tactically~*~*~ (stealth).
  1824 | D:1      | HP: 2/23 [gnoll/+0 spear (4)]
  1829 | D:1      | Reached XP level 3. HP: 6/28 MP: 4/4
  2182 | D:1      | Found a faded altar of an unknown god.
  2264 | D:1      | 2264 ||| UPGRADING to +0 ring mail.
  2274 | D:1      | 2274 ||| DROPPING +0 robe.
  2275 | D:1      | 2275 ||| UPGRADING to +4 ring of protection.
  2276 | D:1      | 2276 ||| READING scroll labelled MEKKIACAIM.
  2277 | D:1      | 2277 ||| READING scroll labelled GIRACU VEFIUM.
  2281 | D:1      | 2281 ||| READING 2 scrolls labelled ALIOFIMP ENASO.
  2282 | D:1      | 2282 ||| DRINKING 2 puce potions.
  2283 | D:1      | 2283 ||| DROPPING 2 potions of invisibility.
  2881 | D:2      | Found a runed translucent door.
  2882 | D:2      | Noticed Crazy Yiuf
  2924 | D:2      | 2924 ||| Stepping ~*~*~tactically~*~*~ (hiding).
  2925 | D:2      | 2925 ||| Stepping ~*~*~tactically~*~*~ (hiding).
  2936 | D:2      | Reached XP level 4. HP: 16/36 MP: 5/5
  2940 | D:2      | HP: 7/36 [gnoll bouda/+0 club (6)]
  2941 | D:2      | HP: 3/36 [gnoll/+0 whip[a gnoll bouda] (4)]
  2944 | D:2      | Slain by a gnoll

Levels and vault maps discovered:
D:1:      nagdon_arrival_double_spiral, layout_loops_ring,
          dreamdust_ecumenical_altar_hidden_monk_grotto
D:2:      minmay_diamond_boxcup, layout_basic, chequers_serial_rivers_room_a,
          uniq_crazy_yiuf_cottage, uniq_sigmund

Skill      XL: |  1  2  3 |
---------------+----------+-----
Axes           | 1 2 |  2.5
Fighting       | 1 2 |  2.2
Short Blades   | |  0.8
Dodging        | |  1.7
Stealth        | |  3.2
Spellcasting   | |  1.7
Hexes          | |  2.4

Action                   |  1- 3 |  4- 6 || total
-------------------------+-------+-------++-------
Melee: Short sword       |    10 |       ||    10
       Hand axe          |   117 |     9 ||   126
       Whip              |     3 |       ||     3
       Dagger            |     2 |       ||     2
  Use: Scroll            |     3 |       ||     3
       Potion            |     1 |       ||     1
Armor: Robe              |    13 |       ||    13
       Ring mail         |    26 |     3 ||    29
Dodge: Dodged            |    90 |     5 ||    95

Table legend:
 A = Non-vault XP
 B = Vault XP
 C = Vault XP percentage of total XP
 D = Non-vault monster count
 E = Vault monster count
 F = Vault count percentage of total count
                 A         B        C        D         E       F
            +---------+---------+-------+---------+---------+-------
      Total |      96 |       0 |   0.0 |      31 |       0 |   0.0
            +---------+---------+-------+---------+---------+-------
        D:1 |      42 |       0 |   0.0 |      16 |       0 |   0.0
        D:2 |      54 |       0 |   0.0 |      15 |       0 |   0.0
            +---------+---------+-------+---------+---------+-------
